SAAA
VERMONT LAKE MONSTERS @ ALLOWAY HALBERDS
06/25/2029
 
TOP OF THE 1ST
Vermont Lake Monsters batting - Pitching for Alloway Halberds : RHP Joel Farrell
Pitching: RHP Joel Farrell
Batting: RHB Jesús Orozco 0-0: Called Strike
0-1: Called Strike
0-2: Foul Ball, location: 2F
0-2: Ball
1-2: Foul Ball, location: 2F
1-2: Ball
2-2: Ball
3-2: SINGLE (Line Drive, 5D)
Batting: RHB Albert Delgado 0-0: Foul Ball, location: 2F
0-1: Ball
1-1: Ball
2-1: Swinging Strike
2-2: Ball
3-2: Fly out, F7 (Flyball, 78S)
Batting: LHB Gilberto Jiménez 0-0: Called Strike
0-1: Ball
1-1: Ball
Jesús Orozco steals 2nd base
2-1: Ball
Jesús Orozco steals 3rd base
3-1: Base on Balls
Batting: LHB Luis Freitas 0-0: Called Strike
0-1: Swinging Strike
0-2: Foul Ball, location: 2F
0-2: Grounds into double play, 4-6-3 (Groundball, 4)
Top of the 1st over - 0 runs, 1 hit, 0 errors, 1 left on base; Vermont 0 - Alloway 0
BOTTOM OF THE 1ST
Alloway Halberds batting - Pitching for Vermont Lake Monsters : RHP Santiago López
Pitching: RHP Santiago López
Batting: LHB Juan Caro 0-0: Ball
1-0: Ball
2-0: Foul Ball, location: 2F
2-1: Foul Ball, location: 2F
2-2: Foul Ball, location: 2F
2-2: Ball
3-2: Foul Ball, location: 2F
3-2: Strikes out looking
Batting: RHB Octávio Beltzán 0-0: Swinging Strike
0-1: Ball
1-1: Fly out, F7 (Flyball, 7D)
Batting: LHB José Zarate 0-0: Called Strike
0-1: Foul Ball, location: 2F
0-2: Ball
1-2: Strikes out swinging
Bottom of the 1st over - 0 runs, 0 hits, 0 errors, 0 left on base; Vermont 0 - Alloway 0
TOP OF THE 2ND
Vermont Lake Monsters batting - Pitching for Alloway Halberds : RHP Joel Farrell
Batting: RHB José Alcalá 0-0: Ball
1-0: Ball
2-0: Ball
3-0: Base on Balls
Batting: RHB Showander Descarte 0-0: Fly out, F8 (Flyball, 8LM)
Batting: RHB Barkley B. Cooltimes 0-0: Ball
José Alcalá steals 2nd base
1-0: Called Strike
1-1: Ball
José Alcalá steals 3rd base
2-1: Foul Ball, location: 2F
2-2: Foul Ball, location: 2F
2-2: Foul Ball, location: 2F
2-2: Ball
3-2: Foul Ball, location: 2F
3-2: Base on Balls
Batting: RHB Zelmar Barajas 0-0: Ball
1-0: Ball
2-0: Ball
3-0: Called Strike
3-1: SINGLE (Line Drive, 89S)
José Alcalá scores
Barkley B. Cooltimes to second
Batting: RHB Barry Dempsey 0-0: Fly out, F8 (Flyball, 8LM)
Batting: RHB Jesús Orozco 0-0: Ball
1-0: Swinging Strike
1-1: Swinging Strike
1-2: Ball
2-2: Foul Ball, location: 2F
2-2: Ground out 1-3 (Groundball, 13)
Top of the 2nd over - 1 run, 1 hit, 0 errors, 2 left on base; Vermont 1 - Alloway 0
BOTTOM OF THE 2ND
Alloway Halberds batting - Pitching for Vermont Lake Monsters : RHP Santiago López
Batting: RHB Jarred Morgan 0-0: Called Strike
0-1: Ball
1-1: Ball
2-1: Ball
3-1: Ground out 6-3 (Groundball, 6)
Batting: RHB Vito Middendorf 0-0: Called Strike
0-1: Ball
1-1: Fly out, F8 (Flyball, 8RD)
Batting: RHB Carlos De Jesús 0-0: Ball
1-0: Called Strike
1-1: Foul Ball, location: 2F
1-2: Strikes out swinging
Bottom of the 2nd over - 0 runs, 0 hits, 0 errors, 0 left on base; Vermont 1 - Alloway 0
TOP OF THE 3RD
Vermont Lake Monsters batting - Pitching for Alloway Halberds : RHP Joel Farrell
Batting: RHB Albert Delgado 0-0: Called Strike
0-1: Ball
1-1: Fly out, F9 (Flyball, 9LSF)
Batting: LHB Gilberto Jiménez 0-0: Ball
1-0: Ball
2-0: Ball
3-0: Fly out, F8 (Flyball, 8RS)
Batting: LHB Luis Freitas 0-0: Called Strike
0-1: Fly out, F9 (Line Drive, 89D)
Top of the 3rd over - 0 runs, 0 hits, 0 errors, 0 left on base; Vermont 1 - Alloway 0
BOTTOM OF THE 3RD
Alloway Halberds batting - Pitching for Vermont Lake Monsters : RHP Santiago López
Batting: RHB Jordan Hollins 0-0: Called Strike
0-1: Ball
1-1: SOLO HOME RUN (Line Drive, 7D), Distance : 382 ft
Batting: RHB Juan Salinas 0-0: Ball
1-0: SOLO HOME RUN (Flyball, 7LD), Distance : 367 ft
Batting: LHB Ricardo Ríos 0-0: Fly out, F9 (Flyball, 9)
Batting: LHB Juan Caro 0-0: Ball
1-0: Foul Ball, location: 2F
1-1: Ground out U3 (Groundball, 34S)
Batting: RHB Octávio Beltzán 0-0: Ground out U3 (Groundball, 3L)
Bottom of the 3rd over - 2 runs, 2 hits, 0 errors, 0 left on base; Vermont 1 - Alloway 2
TOP OF THE 4TH
Vermont Lake Monsters batting - Pitching for Alloway Halberds : RHP Joel Farrell
Batting: RHB José Alcalá 0-0: Ball
1-0: Swinging Strike
1-1: Ball
2-1: Foul Ball, location: 2F
2-2: Ball
3-2: Base on Balls
Batting: RHB Showander Descarte 0-0: SINGLE (Groundball, 6MD)
José Alcalá to second
Runner from 2nd tries for 3rd, SAFE, no throw
Batting: RHB Barkley B. Cooltimes 0-0: Ball
1-0: Called Strike
1-1: Foul Ball, location: 2F
1-2: Foul Ball, location: 2F
1-2: SINGLE (Groundball, 5S) (infield hit)
José Alcalá scores
Showander Descarte to second
Batting: RHB Zelmar Barajas 0-0: Called Strike
0-1: Foul Ball, location: 2F
0-2: Foul Ball, location: 2F
0-2: Fly out, F9 (Flyball, 9)
Batting: RHB Barry Dempsey 0-0: Ball
1-0: Called Strike
1-1: Swinging Strike
1-2: Grounds into double play, 4-6-3 (Groundball, 4)
Top of the 4th over - 1 run, 2 hits, 0 errors, 1 left on base; Vermont 2 - Alloway 2
BOTTOM OF THE 4TH
Alloway Halberds batting - Pitching for Vermont Lake Monsters : RHP Santiago López
Batting: LHB José Zarate 0-0: Ball
1-0: Fly out, F8 (Flyball, 8RM)
Batting: RHB Jarred Morgan 0-0: Ball
1-0: Ball
2-0: SINGLE (Line Drive, 7S)
Batting: RHB Vito Middendorf 0-0: Ball
1-0: Called Strike
1-1: Ball
2-1: Foul Ball, location: 2F
2-2: Strikes out swinging
Batting: RHB Carlos De Jesús 0-0: Foul Ball, location: 2F
0-1: Foul Ball, location: 2F
0-2: Foul Ball, location: 2F
0-2: Ball
1-2: Strikes out looking
Bottom of the 4th over - 0 runs, 1 hit, 0 errors, 1 left on base; Vermont 2 - Alloway 2
TOP OF THE 5TH
Vermont Lake Monsters batting - Pitching for Alloway Halberds : RHP Joel Farrell
Batting: RHB Jesús Orozco 0-0: Ball
1-0: Ground out 5-3 (Groundball, 5L)
Batting: RHB Albert Delgado 0-0: Ball
1-0: Ball
2-0: Called Strike
2-1: Called Strike
2-2: Ball
3-2: Base on Balls
Batting: LHB Gilberto Jiménez 0-0: Ball
1-0: Foul Ball, location: 2F
1-1: Foul Ball, location: 2F
1-2: Foul Ball, location: 2F
1-2: Ball
2-2: Ball
3-2: Base on Balls
Albert Delgado to second
Batting: LHB Luis Freitas 0-0: Ball
1-0: Ball
2-0: Ball
3-0: Called Strike
3-1: Fly out, F4 (Line Drive, 4)
Batting: RHB José Alcalá 0-0: Called Strike
0-1: Ball
1-1: SINGLE (Line Drive, 34)
Albert Delgado to third
Gilberto Jiménez to second
Runner from 3rd tries for Home, SAFE, no throw
Batting: RHB Showander Descarte 0-0: SINGLE (Groundball, 56D)
Gilberto Jiménez to third
José Alcalá to second
Runner from 3rd tries for Home, SAFE, no throw
Batting: RHB Barkley B. Cooltimes 0-0: Ball
Wild Pitch!
José Alcalá to third
Showander Descarte to second
1-0: Called Strike
1-1: Foul Ball, location: 2F
1-2: Foul Ball, location: 2F
1-2: Ball
2-2: Strikes out swinging
Top of the 5th over - 2 runs, 2 hits, 0 errors, 2 left on base; Vermont 4 - Alloway 2
BOTTOM OF THE 5TH
Alloway Halberds batting - Pitching for Vermont Lake Monsters : RHP Santiago López
Batting: RHB Jordan Hollins 0-0: Called Strike
0-1: TRIPLE (Flyball, 89XD)
Batting: RHB Juan Salinas 0-0: Called Strike
0-1: Ball
1-1: Ball
2-1: Ball
3-1: Foul Ball, location: 2F
3-2: Base on Balls
Batting: LHB Ricardo Ríos 0-0: Foul Ball, location: 2F
0-1: Ball
1-1: Ball
2-1: Ball
3-1: Swinging Strike
3-2: Foul Ball, location: 2F
3-2: Fly out, F9 (Line Drive, 89D)
Runner from 3rd tags up, SCORES, no throw
Batting: LHB Juan Caro 0-0: Foul Ball, location: 2F
0-1: Ball
1-1: Ball
2-1: Foul Ball, location: 2F
2-2: Ball
3-2: Foul Ball, location: 2F
3-2: Foul Ball, location: 2F
3-2: SINGLE (Line Drive, 78M)
Juan Salinas to second
Juan Salinas to third
Batting: RHB Octávio Beltzán Pickoff Throw to First - Out!
0-0: Ball
1-0: Ball
2-0: Ground out 1-3 (Groundball, 13)
Bottom of the 5th over - 1 run, 2 hits, 0 errors, 1 left on base; Vermont 4 - Alloway 3
TOP OF THE 6TH
Vermont Lake Monsters batting - Pitching for Alloway Halberds : RHP Joel Farrell
Batting: RHB Zelmar Barajas 0-0: Foul Ball, location: 2F
0-1: Ball
1-1: Swinging Strike
1-2: Ball
2-2: Ball
3-2: Foul Ball, location: 2F
3-2: Ground out 4-3 (Groundball, 4)
Batting: RHB Barry Dempsey 0-0: Foul Ball, location: 2F
0-1: Ball
1-1: Ball
2-1: Foul Ball, location: 2F
2-2: Ball
3-2: Base on Balls
Pitching: RHP Francisco Castillo
Batting: RHB Jesús Orozco 0-0: Foul Ball, location: 2F
0-1: Ball
1-1: Foul Ball, location: 2F
1-2: Strikes out swinging
Batting: RHB Albert Delgado 0-0: Fly out, F8 (Flyball, 89M)
Top of the 6th over - 0 runs, 0 hits, 0 errors, 1 left on base; Vermont 4 - Alloway 3
BOTTOM OF THE 6TH
Alloway Halberds batting - Pitching for Vermont Lake Monsters : RHP Santiago López
Batting: LHB José Zarate 0-0: Called Strike
0-1: Swinging Strike
0-2: Fly out, F8 (Flyball, 8RD)
Batting: RHB Jarred Morgan 0-0: Swinging Strike
0-1: Called Strike
0-2: Foul Ball, location: 2F
0-2: Strikes out looking
Batting: RHB Vito Middendorf 0-0: Called Strike
0-1: Called Strike
0-2: Ball
1-2: Ground out 5-3 (Groundball, 56)
Bottom of the 6th over - 0 runs, 0 hits, 0 errors, 0 left on base; Vermont 4 - Alloway 3
TOP OF THE 7TH
Vermont Lake Monsters batting - Pitching for Alloway Halberds : RHP Francisco Castillo
Pitching: RHP Francisco García
Batting: LHB Gilberto Jiménez 0-0: Ball
1-0: Ground out 4-3 (Groundball, 4S)
Batting: LHB Luis Freitas 0-0: Swinging Strike
0-1: Foul Ball, location: 2F
0-2: Foul Ball, location: 2F
0-2: Strikes out swinging
Batting: RHB José Alcalá 0-0: Ball
1-0: Ball
2-0: Fly out, F9 (Flyball, 9LSF)
Top of the 7th over - 0 runs, 0 hits, 0 errors, 0 left on base; Vermont 4 - Alloway 3
BOTTOM OF THE 7TH
Alloway Halberds batting - Pitching for Vermont Lake Monsters : RHP Santiago López
Batting: RHB Carlos De Jesús 0-0: Ball
1-0: Ball
2-0: Called Strike
2-1: Fly out, F8 (Flyball, 8RD)
Batting: RHB Jordan Hollins 0-0: Called Strike
0-1: Foul Ball, location: 2F
0-2: Ball
1-2: Foul Ball, location: 2F
1-2: Ball
2-2: Fly out, F5 (Popup, 5SF)
Batting: RHB Juan Salinas 0-0: Ball
1-0: Called Strike
1-1: Fly out, F9 (Flyball, 9S)
Bottom of the 7th over - 0 runs, 0 hits, 0 errors, 0 left on base; Vermont 4 - Alloway 3
TOP OF THE 8TH
Vermont Lake Monsters batting - Pitching for Alloway Halberds : RHP Francisco García
Batting: RHB Showander Descarte 0-0: Ball
1-0: Ball
2-0: Foul Ball, location: 2F
2-1: Ball
3-1: Foul Ball, location: 2F
3-2: Base on Balls
Pinch Hitting: LHB Chris Gregory 0-0: Ball
1-0: Ball
2-0: Ball
3-0: Called Strike
3-1: Foul Ball, location: 2F
3-2: Fly out, F8 (Flyball, 8RXD)
Pinch Hitting: LHB Brad Tillman 0-0: Ball
1-0: Called Strike
1-1: Called Strike
1-2: Foul Ball, location: 2F
1-2: Ball
2-2: Foul Ball, location: 2F
2-2: Ball
3-2: Foul Ball, location: 2F
3-2: Base on Balls
Showander Descarte to second
Batting: RHB Barry Dempsey 0-0: Called Strike
0-1: Grounds into double play, 6-4-3 (Groundball, 6)
Top of the 8th over - 0 runs, 0 hits, 0 errors, 1 left on base; Vermont 4 - Alloway 3
BOTTOM OF THE 8TH
Alloway Halberds batting - Pitching for Vermont Lake Monsters : RHP Santiago López
Pitching: RHP Alejandro López
Now at 1B: Brad Tillman
Now in LF: Rhett Barry
Batting: LHB Ricardo Ríos 0-0: SINGLE (Line Drive, 9S)
Batting: LHB Juan Caro 0-0: Bunted foul
0-1: Sac Bunt - play at first, batter OUT! U3
Ricardo Ríos to second
Pinch Hitting: LHB Armando Becerra 0-0: Swinging Strike
0-1: Fly out, F7 (Flyball, 7LD)
Runner from 2nd tags up, SAFE at 3rd, no throw
Batting: LHB José Zarate 0-0: Ball
1-0: Foul Ball, location: 2F
1-1: Ball
2-1: Fly out, F9 (Flyball, 9)
Bottom of the 8th over - 0 runs, 1 hit, 0 errors, 1 left on base; Vermont 4 - Alloway 3
TOP OF THE 9TH
Vermont Lake Monsters batting - Pitching for Alloway Halberds : RHP Francisco García
Now in LF: Ramón Rivera
Batting: RHB Jesús Orozco 0-0: Ground out 6-3 (Groundball, 6)
Batting: RHB Albert Delgado 0-0: Ball
1-0: Ground out 5-3 (Groundball, 56S)
Batting: LHB Gilberto Jiménez 0-0: Foul Ball, location: 2F
0-1: Fly out, F7 (Flyball, 7S)
Top of the 9th over - 0 runs, 0 hits, 0 errors, 0 left on base; Vermont 4 - Alloway 3
BOTTOM OF THE 9TH
Alloway Halberds batting - Pitching for Vermont Lake Monsters : RHP Alejandro López
Pitching: LHP Cherles Gachineiro
Batting: RHB Jarred Morgan 0-0: Ball
1-0: Fly out, F7 (Flyball, 7)
Batting: RHB Vito Middendorf 0-0: Called Strike
0-1: SINGLE (Flyball, 7S)
Batting: RHB Carlos De Jesús 0-0: Swinging Strike
0-1: Fielders Choice at 2nd, 1-4 (Groundball, 15)
Batting: RHB Jordan Hollins 0-0: Ball
1-0: Ball
2-0: Ground out U3 (Groundball, 3)
Bottom of the 9th over - 0 runs, 1 hit, 0 errors, 1 left on base; Vermont 4 - Alloway 3
Tuesday, December 19th, 2017 - OOTP Baseball 18.8 Build 76